 Dungeon Crawl Stone Soup version 0.31-a0-1626-g5cb510d322 (webtiles) character file.

Game seed: 4104366683730277783

179 Ivernyr the Shield-Bearer (level 5, -2/43 HPs)
             Began as a Formicid Fighter on Jan 12, 2024.
             Killed from afar by Ijyb (5 damage)
             ... with a bolt of acid
             ... on level 4 of the Dungeon.
             The game lasted 00:04:16 (2609 turns).

Ivernyr the Shield-Bearer (Formicid Fighter)        Turns: 2609, Time: 00:04:16

Health: -2/43      AC:  8    Str: 23    XL:     5   Next: 90%
Magic:  5/5        EV:  9    Int:  7    God:
Gold:   160        SH:  5    Dex: 13    Spells: 4/4 levels left

rFire   + . .        a - +0 quarterstaff
rCold   . . .        c - +0 buckler
rNeg    . . .        b - +0 scale mail
rPois   .            (helmet unavailable)
rElec   .            (no cloak)
rCorr   .            h - +0 pair of gloves
SInv    +            (no boots)
Will    .....        g - amulet of the acrobat Stlth
                     i - ring of protection from fire
HPRegen 0.27/turn    (no ring)
MPRegen 0.09/turn

%: acrobat
@: no status effects
A: permanent stasis, dig shafts and tunnels, antennae 3, four strong arms
a: Dig, Shaft Self


You were on level 4 of the Dungeon.
You visited 1 branch of the dungeon, and saw 4 of its levels.

You collected 160 gold pieces.

Inventory:

Hand Weapons
 a - a +0 quarterstaff (weapon)
Armour
 b - a +0 scale mail (worn)
 c - a +0 buckler (worn)
 h - a +0 pair of gloves (worn)
Jewellery
 g - an amulet of the acrobat (around neck)
 i - a ring of protection from fire (left hand)
Scrolls
 j - 4 scrolls of fog {unknown}
 k - 5 scrolls of fear {unknown}
 m - 2 scrolls of identify {unknown}
 n - a scroll of revelation {unknown}
Potions
 d - 3 potions of might
 e - 5 potions of invisibility {unknown}
 f - 3 potions of curing {unknown}
 l - 2 potions of heal wounds {unknown}
 o - a potion of lignification {unknown}
 p - a potion of haste {unknown}


   Skills:
 + Level 4.4 Fighting
 + Level 3.2 Staves
 + Level 4.3 Armour
 + Level 5.2 Shields


You had 4 spell levels left.
You didn't know any spells.
Your spell library contained the following spells:

 Spells                   Type           Power      Damage    Failure   Level
 Slow                     Hex            0%         N/A       80%         1
 Confusing Touch          Hex            0%         N/A       99%         3
 Sigil of Binding         Hex            0%         N/A       99%         3
 Vampiric Draining        Necr           0%         2d6       99%         3


Dungeon Overview and Level Annotations

Branches:
Dungeon (4/15)
 Temple: D:4-7

Altars:

Annotations:
D:4 Ijyb


Innate Abilities, Weirdness & Mutations

You cannot be hasted, slowed, berserked, paralysed or teleported.
You can dig through walls and to a lower floor.
You have a pair of large antennae on your head. (SInv)
Your four strong arms can wield two-handed weapons with a shield.


Message History

Ijyb zaps a wand.
The bolt of acid hits you!
You barely miss Ijyb.
Ijyb is heavily wounded.
Ijyb zaps a wand.
The bolt of acid hits you!
You hit Ijyb.
Ijyb is severely wounded.
Ijyb hits you with a +0 club.
You barely miss Ijyb.
Ijyb is severely wounded.
Ijyb zaps a wand.
The bolt of acid hits you! Ijyb hits you with a +0 club.
* * * LOW HITPOINT WARNING * * *
You hit Ijyb.
Ijyb is severely wounded.
Ijyb hits you with a +0 club.
* * * LOW HITPOINT WARNING * * *
You closely miss Ijyb.
Ijyb is severely wounded.
Ijyb hits you but does no damage.
You hit Ijyb.
Ijyb is almost dead.
Ijyb hits you but does no damage.
You closely miss Ijyb.
Ijyb is almost dead.
Ijyb completely misses you.
You closely miss Ijyb.
Ijyb is almost dead.
Ijyb zaps a wand.
The bolt of acid hits you!
* * * LOW HITPOINT WARNING * * *
You closely miss Ijyb.
Ijyb is almost dead.
Ijyb screams, "No!
No, no, no, no!"
Ijyb hits you with a +0 club.
* * * LOW HITPOINT WARNING * * *
You hit Ijyb.
Ijyb is almost dead.
Ijyb hits you but does no damage. Ijyb barely misses you.
You barely miss Ijyb.
Ijyb is almost dead.
Ijyb zaps a wand.
The bolt of acid hits you.
You die...

... #.## #.# ...#
#.# #..# #.# # #>.#
#.# #. #..# #.#
##)# #..#
###.####.## #.g#
##.......... {{
#.@# ##....####.#)
#..# ##.....#####..
#..# #.........###.
#..###......#......
#...............<..
#..................
#####..##...##.####
#..##.####.#
#...... #


You could see Ijyb.

Vanquished Creatures
  Jessica (D:2)
  4 gnolls
  4 adders
  2 ribbon worms (D:2)
  2 dart slugs (D:1)
  An orc (D:3)
  4 ball pythons
  2 bats
  4 endoplasms
  2 giant cockroaches
  5 goblins
  9 hobgoblins
  8 jackals
  2 quokkas
  6 frilled lizards
  3 kobolds (D:1)
  7 rats
66 creatures vanquished.

Notes
Turn   | Place    | Note
-------+----------+-------------------------------------------
     0 | D:1      | Ivernyr the Formicid Fighter began the quest for the Orb.
     0 | D:1      | Reached XP level 1. HP: 18/18 MP: 1/1
   185 | D:1      | Reached XP level 2. HP: 24/24 MP: 2/2
   463 | D:1      | Reached XP level 3. HP: 29/29 MP: 3/3
  1181 | D:2      | Reached XP level 4. HP: 22/37 MP: 4/4
  1296 | D:2      | Noticed Jessica
  1298 | D:2      | Killed Jessica
  1660 | D:2      | Reached XP level 5. HP: 41/42 MP: 5/5
  1909 | D:3      | Reached skill level 5 in Shields
  1966 | D:3      | Found a faded altar of an unknown god.
  2592 | D:4      | Noticed Ijyb
  2607 | D:4      | HP: 2/43 [Ijyb/+0 club (1)]
  2609 | D:4      | Killed from afar by Ijyb

Illustrated notes

Levels and vault maps discovered:
D:1:      dpeg_arrival_three_same_balls, layout_basic, bh_walls_and_bars
D:2:      minmay_alternating_diamond, layout_loops_ring, uniq_jessica
D:3:      layout_basic, hellmonk_ecumenical_altar_pennies_from_heaven
D:4:      layout_loops_ring, zin_angel, uniq_ijyb

Skill      XL: |  1  2  3  4  5 |
---------------+----------------+-----
Fighting       | 4 |  4.4
Armour         | 4 |  4.3
Staves         | 3 |  3.2
Shields        | 5 |  5.2

Action                     |  1- 3 |  4- 6 || total
---------------------------+-------+-------++-------
  Melee: Quarterstaff      |   111 |    99 ||   210
 Armour: Scale mail        |    55 |    71 ||   126
  Dodge: Dodged            |    52 |    57 ||   109
  Block: Buckler           |    24 |    24 ||    48

Table legend: (Time is in decaauts)
 A = Elapsed time spent in this place.
 B = Non-inter-level travel time spent in this place.
 C = Inter-level travel time spent in this place.
 D = Time resting spent in this place.
 E = Time spent auto-exploring this place.
 F = Levels seen in this place.
 G = Mean time per level.
                   A        B        C        D        E       F      G
               +--------+--------+--------+--------+--------+-----+--------+
         Total |   2651 |   2516 |    135 |    275 |   1642 |   4 |  662.8 |
       Dungeon |   2651 |   2516 |    135 |    275 |   1642 |   4 |  662.8 |
               +--------+--------+--------+--------+--------+-----+--------+

Top non-repeatable levels by time:
     D:2: 979 daAuts
     D:1: 974 daAuts
     D:3: 575 daAuts
     D:4: 120 daAuts
